 Dungeon Crawl Stone Soup version 0.31-a0-441-g867994ef1c (webtiles) character file.

Game seed: 18315832324687951357

45 horus123 the Sneak (level 3, -9/19 HPs)
             Began as a Deep Elf Enchanter on Aug 2, 2023.
             Mangled by Menkaure (13 damage)
             ... on level 6 of the Dungeon.
             The game lasted 00:04:46 (1768 turns).

horus123 the Sneak (Deep Elf Enchanter)             Turns: 1768, Time: 00:04:47

Health: -9/19      AC:  2    Str:  5    XL:     3   Next: 42%
Magic:  8/10       EV: 12    Int: 21    God:
Gold:   117        SH:  0    Dex: 15    Spells: 1/9 levels left

rFire   . . .        e - +1 dagger (venom)
rCold   . . .        (no shield)
rNeg    . . .        b - +0 robe
rPois   .            (no helmet)
rElec   .            (no cloak)
rCorr   .            (no gloves)
SInv    .            (no boots)
Will    .....        (no amulet)
Stlth   +++          (no ring)
HPRegen 0.23/turn    (no ring)
MPRegen 0.12/turn

%: no passive effects
@: invisible
A: no striking features
a: no special abilities


You were on level 6 of the Dungeon.
You visited 1 branch of the dungeon, and saw 4 of its levels.

You collected 117 gold pieces.

Inventory:

Hand Weapons
 e - a +1 dagger of venom (weapon)
Armour
 b - a +0 robe (worn)
Scrolls
 a - a scroll of vulnerability {unknown}
 f - 2 scrolls of identify {unknown}
 g - 3 scrolls of teleportation {unknown}
 j - a scroll of revelation {unknown}
 k - a scroll of enchant weapon {unknown}
Potions
 c - a potion of invisibility
 d - a potion of resistance {unknown}
 h - a potion of mutation {unknown}
 i - a potion of haste {unknown}
 l - a potion of attraction {unknown}
 m - a potion of degeneration {unknown}


   Skills:
 - Level 1.0 Short Blades
 - Level 2.4 Dodging
 - Level 5.0 Stealth
 + Level 3.7 Spellcasting
 - Level 4.0 Hexes
 - Level 1.0 Ice Magic


You had one spell level left.
You knew the following spells:

 Your Spells              Type           Power      Damage    Failure   Level
a - Ensorcelled Hibernat  Hex/Ice        28%        N/A       7%          2
b - Blink                 Tloc           6%         N/A       19%         2
c - Slow                  Hex            80%        N/A       2%          1
d - Tukima's Dance        Hex            20%        N/A       7%          3

Your spell library contained the following spells:

 Spells                   Type           Power      Damage    Failure   Level
 Confusing Touch          Hex            20%        N/A       7%          3
 Dazzling Flash           Conj/Hex       24%        N/A       16%         3
 Lesser Beckoning         Tloc           6%         N/A       19%         2
 Momentum Strike          Conj/Tloc      6%         3d8       19%         2
 Vampiric Draining        Necr           3%         2d6       36%         3


Dungeon Overview and Level Annotations

Branches:
Dungeon (3/15)

Altars:

Annotations:
D:6 Menkaure


Message History

A sourceless malevolence fills the Dungeon...
You fall into a shaft and drop 3 floors!
The shaft crumbles and collapses.
Found a stone staircase leading down.
An orc comes into view. It is wielding a +0 dagger.
Menkaure, Prince of Dust comes into view.
An orc comes into view. It is wielding a +0 club.
Menkaure shouts!
The orc shouts! x2; You hear a shout!
The orc struggles to resist.
An orc wizard comes into view. It is wielding a +0 dagger.
The orc looks drowsy...
The orc wizard gestures wildly while chanting.
The orc wizard flickers and vanishes!
Deactivating autopickup; reactivate with Ctrl-A.
The orc hits you with a +0 dagger.
An orc comes into view. It is wielding a +0 club.
The orc shouts!
You hit the orc.
The orc is poisoned.
The orc is lightly wounded.
Menkaure rustles drily.
The orc barely misses you.
You hit the orc but do no damage.
The orc looks as sick as possible!
The orc is lightly wounded.
Menkaure mumbles some strange words.
Menkaure seems to speed up.
The orc misses you.
You kill the orc!
Menkaure casts a spell at you. Pain shoots through your body!
Menkaure gestures at you while chanting.
You barely resist.
Menkaure calls on the powers of darkness!
Something is bathed in an unholy light!
Your body is wracked with pain!
You fade into invisibility!
Menkaure calls on the powers of darkness!
Something is bathed in an unholy light!
Your body is wracked with pain!
Menkaure hits you.
* * * LOW HITPOINT WARNING * * *
You hit Menkaure but do no damage. Menkaure hits you!
Ouch! That really hurt!
You die...

#.##.. #.##.#
#.##.# #.##.# #
#.##.#####.#
#..........###.
####.#.........
# #.#.#######.
#.#.####@#.#####
#.......M.......
###.............
######o#.####.
#....#.#
#.####.# #.# ...
#.# # #)#


You could see Menkaure (fast) and an orc (wandering, unable to see you).

Vanquished Creatures
  An adder (D:3)
  An orc (D:6)
  5 bats
  3 endoplasms (D:3)
  2 giant cockroaches
  3 goblins
  3 hobgoblins
  3 jackals (D:2)
  A quokka (D:1)
  4 ball pythons
  5 kobolds
  A rat (D:2)
32 creatures vanquished.

Notes
Turn   | Place    | Note
-------+----------+-------------------------------------------
     0 | D:1      | horus123 the Deep Elf Enchanter began the quest for the
                  | Orb.
     0 | D:1      | Reached XP level 1. HP: 10/10 MP: 6/6
   173 | D:1      | Reached skill level 4 in Stealth
   404 | D:1      | Reached XP level 2. HP: 15/15 MP: 8/8
   408 | D:1      | Learned a level 2 spell: Ensorcelled Hibernation
   426 | D:1      | Learned a level 2 spell: Blink
   836 | D:2      | Reached skill level 5 in Stealth
   849 | D:2      | Learned a level 1 spell: Slow
  1322 | D:2      | Reached skill level 1 in Ice Magic
  1443 | D:3      | Reached XP level 3. HP: 19/19 MP: 9/9
  1583 | D:3      | Learned a level 3 spell: Tukima's Dance
  1726 | D:3      | You fall into a shaft and drop 3 floors!
  1747 | D:6      | Noticed Menkaure
  1768 | D:6      | Mangled by Menkaure

Illustrated notes

Levels and vault maps discovered:
D:1:      mrwooster_arrival_statue_3, layout_basic, minmay_misc_feat_doors
D:2:      layout_basic
D:3:      layout_basic, minivault_24
D:6:      layout_loops_ring, minmay_temple_entry_steel_oval, uniq_menkaure

Skill      XL: |  1  2 |
---------------+-------+-----
Stealth        | 4 5 |  5.0
Ice Magic      | 1 |  1.0
Short Blades   | |  1.0
Dodging        | |  2.4
Spellcasting   | |  3.7
Hexes          | |  4.0

Action                     || total
---------------------------++-------
  Melee: Dagger            ||    73
         Punch             ||     1
   Cast: Ensorcelled Hiber ||    12
    Use: Potion            ||     1
   Stab: Sleeping          ||    14
 Armour: Robe              ||    13
  Dodge: Dodged            ||    45

Table legend: (Time is in decaauts)
 A = Elapsed time spent in this place.
 B = Non-inter-level travel time spent in this place.
 C = Inter-level travel time spent in this place.
 D = Time resting spent in this place.
 E = Time spent auto-exploring this place.
 F = Levels seen in this place.
 G = Mean time per level.
                   A        B        C        D        E       F      G
               +--------+--------+--------+--------+--------+-----+--------+
         Total |   1763 |   1719 |     44 |     93 |   1348 |   4 |  440.8 |
       Dungeon |   1763 |   1719 |     44 |     93 |   1348 |   4 |  440.8 |
               +--------+--------+--------+--------+--------+-----+--------+

Top non-repeatable levels by time:
     D:1: 784 daAuts
     D:2: 646 daAuts
     D:3: 290 daAuts
     D:6: 41 daAuts
